 Dungeon Crawl Stone Soup version 0.31-a0-1074-g0b22e4e0f1 (webtiles) character file.

Game seed: 5174024414212885577

370 grandjackal the Vexing (level 6, -4/41 HPs)
             Began as a Vampire Enchanter on Dec 2, 2023.
             Slain by an orc
             ... wielding a +0 morningstar
              (7 damage)
             ... on level 4 of the Dungeon.
             The game lasted 00:05:52 (3152 turns).

grandjackal the Vexing (Vampire Enchanter)          Turns: 3152, Time: 00:05:53

Health: -4/41      AC:  3    Str:  7    XL:     6   Next: 42%
Magic:  6/9        EV: 12    Int: 20    God:
Gold:   145        SH:  0    Dex: 14    Spells: 4/9 levels left

rFire   . . .        m - +0 dagger (venom)
rCold   . . .        (no shield)
rNeg    . . .        b - +0 robe
rPois   +            h - +0 helmet
rElec   .            (no cloak)
rCorr   +            (no gloves)
SInv    +            (no boots)
Will    +....        (no amulet)
Stlth   +++          e - ring of poison resistance
HPRegen 0.46/turn    n - ring of resist corrosion
MPRegen 0.11/turn

%: no passive effects
@: enlightened, flying, healing quickly, invisible
A: alive, fangs 3, see invisible, vampiric 2
a: Exsanguinate


You were on level 4 of the Dungeon.
You visited 1 branch of the dungeon, and saw 4 of its levels.

You collected 240 gold pieces.
You spent 95 gold pieces at shops.

Inventory:

Hand Weapons
 m - a +0 dagger of venom (weapon)
Armour
 b - a +0 robe (worn)
 h - a +0 helmet (worn)
Jewellery
 e - a ring of poison resistance (left hand)
 n - a ring of resist corrosion (right hand)
Wands
 o - a wand of polymorph (6)
Scrolls
 a - a scroll of teleportation {unknown}
 f - 2 scrolls of brand weapon {unknown}
 g - a scroll of noise {unknown}
 q - a scroll of amnesia {unknown}
 r - a scroll of blinking {unknown}
 s - a scroll of torment {unknown}
 t - a scroll of immolation {unknown}
 u - a scroll of acquirement {unknown}
 w - a scroll of poison {unknown}
Potions
 c - a potion of invisibility
 i - 2 potions of curing {unknown}
 j - a potion of brilliance {unknown}
 k - a potion of berserk rage {unknown}
 l - a potion of lignification {unknown}
 p - 2 potions of enlightenment
 v - a potion of attraction {unknown}


   Skills:
 + Level 4.2 Short Blades
 - Level 2.1 Dodging
 - Level 5.0 Stealth
 - Level 2.0 Spellcasting
 + Level 7.0 Hexes
 + Level 3.3 Ice Magic


You had 4 spell levels left.
You knew the following spells:

 Your Spells              Type           Power      Damage    Failure   Level
a - Ensorcelled Hibernat  Hex/Ice        44%        N/A       3%          2
b - Confusing Touch       Hex            30%        N/A       2%          3

Your spell library contained the following spells:

 Spells                   Type           Power      Damage    Failure   Level
 Tukima's Dance           Hex            30%        N/A       2%          3
 Dazzling Flash           Conj/Hex       32%        N/A       11%         3
 Inner Flame              Hex/Fire       16%        N/A       11%         3
 Fulminant Prism          Conj/Hex       8%         3d7       36%         4
 Gell's Gravitas          Tloc           2%         N/A       43%         3
 Teleport Other           Tloc           2%         N/A       43%         3
 Volatile Blastmotes      Fire/Tloc      4%         2d10      43%         3
 Flame Wave               Conj/Fire      2%         2d4       83%         4
 Iskenderun's Mystic Bla  Conj/Tloc      2%         2d3       83%         4
 Sticky Flame             Conj/Fire      2%         2d3       83%         4
 Dispersal                Tloc           1%         N/A       100%        6


Dungeon Overview and Level Annotations

Branches:
Dungeon (4/15)
 Temple: D:4-7

Altars:
Qazlal
Trog

Shops:
D:1 *   D:2 (   D:3 [[![


Innate Abilities, Weirdness & Mutations

Your natural rate of healing is accelerated.
You have razor-sharp teeth.
You have supernaturally acute eyesight. (SInv)
You are afflicted with vampirism and can become a bat while bloodless.


Message History

The orc wizard hits you with a +0 dagger.
* * * LOW HITPOINT WARNING * * *
You feel much better. The orc hits you but does no damage.
The orc barely misses you.
The orc wizard hits you with a +0 dagger.
You fade into invisibility!
The orc priest closely misses you. The orc barely misses you.
The orc misses you.
The orc wizard hits you but does no damage.
You hit the orc priest.
The orc priest is poisoned.
The orc priest is lightly wounded.
The orc barely misses you. The orc wizard misses you.
You closely miss the orc. The orc hits you but does no damage.
You hit the orc wizard but do no damage.
The orc wizard is poisoned.
The orc wizard closely misses you.
You catch the helpless orc wizard completely off-guard!
You puncture the orc wizard!
You kill the orc wizard!
Your Hexes skill increases to level 7!
You catch the helpless orc completely off-guard!
You puncture the orc!
You kill the orc!
The orc closely misses you.
You barely miss the orc. Your bite misses the orc. The orc barely misses you.
You closely miss the orc. The orc barely misses you.
The orc hits you with a +0 morningstar!
You closely miss the orc priest. Your bite misses the orc priest.
The orc priest is moderately wounded.
The orc barely misses you. The orc priest hits you with a +0 club.
You hit the orc priest but do no damage.
The orc priest is moderately wounded.
The orc hits you with a +0 morningstar.
* * * LOW HITPOINT WARNING * * *
The orc hits you with a +0 hand axe.
* * * LOW HITPOINT WARNING * * *
The orc priest closely misses you.
You hit the orc priest.
The orc priest looks even sicker.
The orc priest is heavily wounded.
The orc hits you with a +0 morningstar!
You die...

### ##.# ## ### #.## ##
. #.# ##.# ..### #
#.#####.## #..... #
#.......# #....# ###
#.#####.####.....##
..####.# ##..##.o......
...##.#####.....@o....#
................o)..###
....................#
........(######.....#
.#........# #....#....
###.......##...$.>....P
##..........#..#.....P
# ##.......###....~~~~.
## #......## #.##♣~~~~


You could see an orc priest (wandering, unable to see you, very poisoned) and 2
orcs.

Vanquished Creatures
  An ogre (D:4)
  An iguana (D:4)
  Terence (D:2)
  An orc wizard (D:4)
  Robin (D:2)
  5 adders
  3 shadow imps (D:4)
  5 white imps (D:4)
  An ufetubus (D:4)
  3 worms
  A dart slug (D:4)
  5 orcs
  7 ball pythons
  7 endoplasms
  A giant cockroach (D:1)
  12 goblins
  7 hobgoblins
  2 quokkas
  3 bats
  3 frilled lizards
  6 kobolds
  4 rats
80 creatures vanquished.

Notes
Turn   | Place    | Note
-------+----------+-------------------------------------------
     0 | D:1      | grandjackal the Vampire Enchanter began the quest for the
                  | Orb.
     0 | D:1      | Reached XP level 1. HP: 13/13 MP: 3/3
   515 | D:1      | Found Westriesm's General Store.
   530 | D:1      | Reached XP level 2. HP: 19/19 MP: 5/5
   711 | D:2      | Learned a level 2 spell: Ensorcelled Hibernation
   801 | D:2      | Reached skill level 5 in Stealth
   885 | D:2      | Noticed Terence
   901 | D:2      | Killed Terence
   902 | D:2      | Reached skill level 5 in Hexes
   902 | D:2      | Reached skill level 1 in Ice Magic
   902 | D:2      | Gained mutation: You are afflicted with vampirism and can
                  | become a bat while bloodless. [Vampire growth]
   902 | D:2      | Reached XP level 3. HP: 19/24 MP: 1/6
   953 | D:2      | Learned a level 3 spell: Confusing Touch
  1329 | D:2      | Reached XP level 4. HP: 30/30 MP: 4/7
  1452 | D:2      | Noticed Robin
  1500 | D:2      | Killed Robin
  1692 | D:2      | Found Cysmie's Antique Weapon Emporium.
  1700 | D:2      | Bought a runed dagger for 95 gold pieces
  1839 | D:3      | Found Waineini's Armour Shoppe.
  1948 | D:3      | Found Zuxejan's Distillery.
  2013 | D:3      | Found Panoel's Antique Armour Shoppe.
  2128 | D:3      | Identified the +3 short sword of Caustic Indomitability
                  | {freeze, rElec MP+9}
  2234 | D:3      | Found Naackal's Antique Armour Shop.
  2349 | D:3      | Reached XP level 5. HP: 31/35 MP: 8/8
  2498 | D:3      | Reached skill level 6 in Hexes
  2552 | D:4      | Found a stormy altar of Qazlal.
  2662 | D:4      | Found a bloodstained altar of Trog.
  2899 | D:4      | Noticed an ogre
  2904 | D:4      | Killed an ogre
  2905 | D:4      | Reached XP level 6. HP: 20/41 MP: 4/9
  3147 | D:4      | Reached skill level 7 in Hexes
  3152 | D:4      | Slain by an orc

Illustrated notes

Levels and vault maps discovered:
D:1:      spicycebolla_arrival_clurvy, layout_loops_ring, serial_shops, shop
D:2:      layout_basic, serial_shops, shop, grunt_ministairs_8, uniq_robin,
          uniq_terence
D:3:      layout_basic, serial_shops, nicolae_shop_crystal, shop, shop,
          nicolae_shop_industrial_runoff, amcnicky_mini_rare_corridor_liquid
D:4:      layout_layer_cave, overflow_temple_1_default, amcnicky_altar_gilded,
          serial_demonic, serial_demonic_b, serial_demonic_f, serial_demonic_c,
          serial_demonic_d, serial_demonic_f, serial_demonic_d,
          serial_demonic_d, kennysheep_path_1, st_stairs_3

Skill      XL: |  1  2  3  4  5  6 |
---------------+-------------------+-----
Stealth        | 5 |  5.0
Short Blades   | 2 3 4 |  4.2
Hexes          | 5 6 7 |  7.0
Ice Magic      | 1 2 3 |  3.3
Dodging        | |  2.1
Spellcasting   | |  2.0

Action                     |  1- 3 |  4- 6 || total
---------------------------+-------+-------++-------
  Melee: Dagger            |    49 |   197 ||   246
         Bite              |     2 |    18 ||    20
         Punch             |       |     2 ||     2
   Cast: Ensorcelled Hiber |     6 |     4 ||    10
         Confusing Touch   |       |     5 ||     5
    Use: Potion            |       |     4 ||     4
   Stab: Sleeping          |    12 |    13 ||    25
         Confused          |       |     4 ||     4
         Invisible         |       |     2 ||     2
 Armour: Robe              |    18 |    84 ||   102
  Dodge: Dodged            |    30 |    99 ||   129

Table legend: (Time is in decaauts)
 A = Elapsed time spent in this place.
 B = Non-inter-level travel time spent in this place.
 C = Inter-level travel time spent in this place.
 D = Time resting spent in this place.
 E = Time spent auto-exploring this place.
 F = Levels seen in this place.
 G = Mean time per level.
                   A        B        C        D        E       F      G
               +--------+--------+--------+--------+--------+-----+--------+
         Total |   3115 |   3017 |     98 |    249 |   2056 |   4 |  778.8 |
       Dungeon |   3115 |   3017 |     98 |    249 |   2056 |   4 |  778.8 |
               +--------+--------+--------+--------+--------+-----+--------+

Top non-repeatable levels by time:
     D:2: 1132 daAuts
     D:3: 718 daAuts
     D:1: 679 daAuts
     D:4: 585 daAuts
